 Dungeon Crawl Stone Soup version 0.30-a0-458-g86641cc369 (webtiles) character file.

Game seed: 11649139824532824112

6664 funkygono the Thaumaturge (level 10, -8/66 HPs)
             Began as a Demonspawn Fire Elementalist on Dec 13, 2022.
             Was a Believer of Vehumet.
             Killed from afar by a gargoyle (15 damage)
             ... with a stone arrow
             ... on level 10 of the Dungeon on Dec 14, 2022.
             The game lasted 00:21:37 (11748 turns).

funkygono the Thaumaturge (DsFE)                   Turns: 11748, Time: 00:21:38

Health: -8/66      AC:  7    Str: 10    XL:     10   Next: 73%
Magic:  9/23       EV: 17    Int: 26    God:    Vehumet [**....]
Gold:   406        SH:  0    Dex: 13    Spells: 9/28 levels left

rFire   + . .      SeeInvis .    d - +3 whip (elec)
rCold   . . .      Faith    .    (no shield)
rNeg    . . .      Spirit   .    c - +1 robe {rF+}
rPois   .          Reflect  .    (no helmet)
rElec   .          Harm     .    r - +0 cloak
rCorr   .          Rampage  .    (no gloves)
Will    .....                    (no boots)
Stlth   ++........               j - amulet of regeneration
HPRegen 1.11/turn                E - +6 ring of intelligence
MPRegen 0.18/turn                l - ring of wizardry

@: mighty, agile
A: slimy green scales 2, powered by pain 1, demonic magic 2, weakness stinger 1
a: Renounce Religion


You were on level 10 of the Dungeon.
You worshipped Vehumet.
Vehumet was pleased with you.
You visited 1 branch of the dungeon, and saw 10 of its levels.
You also visited: Sewer and Ossuary.

You collected 406 gold pieces.

Inventory:

Hand Weapons
 d - a +3 whip of electrocution (weapon)
 e - a +0 whip
 q - a +4 quarterstaff of chaos
Missiles
 A - 4 throwing nets
Armour
 c - a +1 robe of fire resistance (worn)
 r - a +0 cloak (worn)
 s - a scarf of shadows
Jewellery
 f - a ring of protection from fire
 j - an amulet of regeneration (around neck)
 l - a ring of wizardry (right hand)
 t - a +4 ring of evasion
 B - a ring of ice
 D - a +4 ring of evasion
 E - a +6 ring of intelligence (left hand)
 F - a ring of see invisible
 G - a +6 ring of intelligence
 I - a ring of magical power
Wands
 a - a wand of flame (21)
 n - a wand of roots (14)
Scrolls
 b - a scroll of identify
 g - 4 scrolls of teleportation
 p - 3 scrolls of fear
 u - 2 scrolls of blinking
 x - a scroll of vulnerability
 y - 6 scrolls of fog
 z - a scroll of summoning
 C - 2 scrolls of enchant armour
Potions
 h - 4 potions of heal wounds
 i - 5 potions of cancellation
 k - a potion of invisibility
 m - a potion of brilliance
 o - 6 potions of curing
 v - 2 potions of lignification
 w - 4 potions of mutation
 H - a potion of flight


   Skills:
 + Level 1.4 Fighting
 + Level 2.0 Maces & Flails
 + Level 2.4 Dodging
 - Level 1.7 Stealth
 + Level 9.7 Spellcasting
 + Level 5.3 Conjurations
 + Level 2.1 Transmutations
 + Level 7.9 Fire Magic
 + Level 7.0 Poison Magic


You had 9 spell levels left.
You knew the following spells:

 Your Spells              Type           Power      Damage    Failure   Level
a - Foxfire               Conj/Fire      100%       2x1d9     1%          1
b - Scorch                Fire           100%       2d10      1%          2
c - Kindle Blastsparks    Fire/Tloc/Air  52%        2d14      1%          3
d - Flame Wave            Conj/Fire      47%        2d12      1%          4
e - Olgreb's Toxic Radia  Pois           49%        N/A       1%          4
f - Ignite Poison         Fire/Tmut/Pois 42%        N/A       1%          3
g - Shock                 Conj/Air       100%       1d9       1%          1
h - Sandblast             Erth           24%        2d8       1%          1

Your spell library contained the following spells:

 Spells                   Type           Power      Damage    Failure   Level
 Hailstorm                Conj/Ice       26%        3d7       1%          3
 Inner Flame              Hex/Fire       33%        N/A       1%          3
 Fireball                 Conj/Fire      23%        3d11      3%          5
 Portal Projectile        Hex/Tloc       24%        N/A       6%          3
 Tukima's Dance           Hex            12%        N/A       6%          3
 Ice Form                 Ice/Tmut       18%        N/A       12%         4
 Lightning Bolt           Conj/Air       13%        1d26      17%         5
 Airstrike                Air            6%         2d(1-17)  19%         4
 Anguish                  Hex/Necr       6%         N/A       19%         4
 Passage of Golubria      Tloc           12%        N/A       19%         4
 Summon Lightning Spire   Summ/Air       12%        N/A       19%         4
 Starburst                Conj/Fire      23%        6d8       19%         6
 Blade Hands              Tmut           11%        N/A       22%         5
 Freezing Cloud           Conj/Ice/Air   10%        6-21      26%         5
 Silence                  Hex/Air        6%         N/A       45%         5
 Simulacrum               Ice/Necr       6%         N/A       94%         6
 Ignition                 Fire           26%        3d9       99%         8
 Enfeeble                 Hex            6%         N/A       100%        7
 Ozocubu's Refrigeration  Ice            6%         4d8       100%        7
 Lehudib's Crystal Spear  Conj/Erth      13%        10d4      100%        8


Dungeon Overview and Level Annotations

Branches:
Dungeon (10/15)            Temple (0/1) D:7             Orc (0/2) D:9
  Sewer (visited)         Ossuary (visited)
   Lair: D:8-11

Altars:
Cheibriados
Dithmenos
Hepliaklqana
Nemelex Xobeh
Qazlal
Uskayaw
Vehumet
Wu Jian

Shops:
D:6 :

Annotations:
D:5 1 runed translucent door, Carabas's ghost, novice KoBr


Innate Abilities, Weirdness & Mutations

You are mostly covered in slimy green scales. (AC +3)
You sometimes gain a little power by taking damage.
Spells you cast may paralyse nearby enemies.
You have a small tail.


Message History

Unknown command.
A wave of flame ripples out!
The flame wave engulfs the gargoyle but does no damage.
The gargoyle is heavily damaged.
The flame wave engulfs the yak!!
You kill the yak!
Vehumet accepts your kill.
The flame wave engulfs the fungus!
The fungus begins to die.
The fungus is lightly damaged.
You finish channelling waves of flame.
You hear a shout! x2; You hear an angry hiss.
A nearby plant withers and dies.
The gargoyle hits you with a +0 flail.
Casting: Flame Wave (dangerous; 1% risk of failure)
Confirm with . or Enter, or press ? or * to list all spells.
Casting: Flame Wave (dangerous; 1% risk of failure)
Press: ? - help, Dir - look around, f - activate A wave of flame ripples out!
The flame wave engulfs the gargoyle.
The gargoyle is severely damaged. (Press . to intensify the flame waves.) Malevolent energies surge around you.
You hear a loud, deep croak!
The gargoyle hurls a stone arrow at you.
The stone arrow hits you!!
* * * LOW HITPOINT WARNING * * *
You focus on the pain.
You feel agile all of a sudden.
A wave of flame ripples out!
The flame wave engulfs the gargoyle.
The gargoyle is severely damaged.
The flame wave engulfs the black bear.
The black bear is moderately wounded.
The flame wave engulfs the bullfrog.
The bullfrog is almost dead.
The flame wave engulfs the gnoll bouda.
The gnoll bouda is moderately wounded.
You hear an angry hiss.
The yak looks more healthy.
A bullfrog comes into view.
The gargoyle hurls a stone arrow at you.
The stone arrow hits you!
You die...

#................
#................
#................
#................
#................
#.....####+##..P.
#.....####.#...P
#.....†.Y.....
#.....@Fh..P..
#......9.P...P
########gh..F.
..P.†. .....
..... ...P ....


You could see a yak, 2 black bears, a gargoyle, 2 bullfrogs and a gnoll bouda.

Vanquished Creatures
  2 trolls (D:9)
  3 meliai (D:9)
  A wyvern (D:9)
  A wraith (D:9)
  5 yaks (D:10)
  Eustachio (D:4)
  Menkaure (Ossuary)
  2 water moccasins
  7 orc warriors
  An ice beast (D:7)
  5 black bears
  A sky beast (D:7)
  2 centaurs
  3 kobold brigands
  5 bullfrogs
  A necrophage (D:7)
  4 gnoll sergeants (D:9)
  5 scorpions
  3 wights (D:6)
  7 killer bees (D:9)
  2 howler monkeys
  6 orc priests
  A gnoll bouda (D:8)
  3 hounds
  A jelly (D:7)
  Crazy Yiuf (D:3)
  3 iguanas
  5 orc wizards
  3 mummies (Ossuary)
  9 adders
  14 gnolls
  2 shadow imps
  2 white imps (D:7)
  2 worms
  A dart slug (D:4)
  32 orcs
  11 ball pythons
  5 bats
  6 endoplasms
  16 giant cockroaches
  9 goblins
  5 hobgoblins
  3 jackals (D:2)
  5 quokkas
  8 frilled lizards
  3 gnoll skeletons (Ossuary)
  A gnoll zombie (Ossuary)
  4 goblin skeletons (Ossuary)
  7 goblin zombies
  4 hobgoblin skeletons (Ossuary)
  4 hobgoblin zombies (Ossuary)
  15 kobolds
  6 kobold skeletons (Ossuary)
  A kobold zombie (Ossuary)
  5 orc skeletons (Ossuary)
  6 orc zombies (Ossuary)
  A quokka zombie (D:6)
  4 rats
  3 rat skeletons (Ossuary)
  7 rat zombies (Ossuary)
286 creatures vanquished.

Vanquished Creatures (others)
  674 foxfires
  37 fungi (D:10)
  28 plants (D:10)
  2 withered plants (D:5)
741 creatures vanquished.

Grand Total: 1027 creatures vanquished

Notes
Turn   | Place    | Note
-------+----------+-------------------------------------------
     0 | D:1      | funkygono the Demonspawn Fire Elementalist began the quest
                  | for the Orb.
     0 | D:1      | Reached XP level 1. HP: 13/13 MP: 3/3
   400 | D:1      | Gained mutation: You are partially covered in slimy green
                  | scales. (AC +2) [demonic ancestry]
   400 | D:1      | Reached XP level 2. HP: 19/19 MP: 3/5
   403 | D:1      | Learned a level 2 spell: Scorch
  1612 | D:2      | Reached XP level 3. HP: 22/24 MP: 1/6
  2372 | D:3      | Found a faded altar of an unknown god.
  2514 | D:3      | Learned a level 3 spell: Kindle Blastsparks
  2705 | D:3      | Reached XP level 4. HP: 30/30 MP: 3/8
  2872 | D:3      | Found a runed translucent door.
  2873 | D:3      | Noticed Crazy Yiuf
  3160 | D:3      | Killed Crazy Yiuf
  3161 | D:3      | Reached skill level 3 in Spellcasting
  3481 | D:4      | Noticed Eustachio
  3499 | D:4      | Killed Eustachio
  3500 | D:4      | Gained mutation: You are mostly covered in slimy green
                  | scales. (AC +3) [demonic ancestry]
  3500 | D:4      | Reached XP level 5. HP: 35/35 MP: 1/10
  3524 | D:4      | Reached skill level 4 in Spellcasting
  3524 | D:4      | Gained mutation: Spells you cast may paralyse adjacent
                  | enemies. [demonic ancestry]
  3524 | D:4      | Reached XP level 6. HP: 41/41 MP: 2/12
  3852 | D:4      | Found a glowing drain.
  3865 | Sewer    | Entered a sewer
  4251 | Sewer    | Reached skill level 1 in Maces & Flails
  4732 | D:4      | Gained mutation: You have a small tail. [demonic ancestry]
  4732 | D:4      | Reached XP level 7. HP: 46/46 MP: 6/13
  4737 | D:4      | Learned a level 4 spell: Flame Wave
  5278 | D:5      | Entered Level 5 of the Dungeon
  5330 | D:5      | Reached skill level 5 in Spellcasting
  5330 | D:5      | Reached skill level 5 in Fire Magic
  5646 | D:5      | Found a runed translucent door.
  5646 | D:5      | Noticed Carabas's ghost (novice KoBr)
  5915 | D:5      | Learned a level 4 spell: Olgreb's Toxic Radiance
  5919 | D:5      | Learned a level 3 spell: Ignite Poison
  5950 | D:6      | Gained mutation: You sometimes gain a little power by
                  | taking damage. [demonic ancestry]
  5950 | D:6      | Reached XP level 8. HP: 52/52 MP: 9/16
  6056 | D:6      | Reached skill level 6 in Spellcasting
  6056 | D:6      | Reached skill level 1 in Poison Magic
  6159 | D:6      | Found a sand-covered staircase.
  6169 | D:6      | Upgraded the game from 0.30-a0-457-g4b7bca3bfa to
                  | 0.30-a0-458-g86641cc369
  6183 | Ossuary  | Entered an ossuary
  7046 | Ossuary  | Noticed Menkaure
  7051 | Ossuary  | Killed Menkaure
  7493 | D:6      | Found Vorghimu's Book Shoppe.
  7674 | D:6      | Found a radiant altar of Vehumet.
  7699 | D:6      | Became a worshipper of Vehumet
  8242 | D:7      | Found a stormy altar of Qazlal.
  8488 | D:7      | Reached skill level 7 in Spellcasting
  8488 | D:7      | Gained mutation: Spells you cast may paralyse nearby
                  | enemies. [demonic ancestry]
  8488 | D:7      | Reached XP level 9. HP: 58/58 MP: 15/19
  8796 | D:7      | Found a sparkling altar of Nemelex Xobeh.
  8906 | D:7      | Found a staircase to the Ecumenical Temple.
  9081 | D:8      | Reached skill level 5 in Conjurations
  9159 | D:8      | Reached * piety under Vehumet
  9159 | D:8      | Offered knowledge of Shock by Vehumet.
  9489 | D:8      | Found a hide-covered altar of Uskayaw.
 10267 | D:8      | Learned a level 1 spell: Shock
 10322 | D:9      | Noticed a meliai
 10323 | D:9      | Noticed a meliai
 10325 | D:9      | Killed a meliai
 10326 | D:9      | Reached skill level 1 in Transmutations
 10326 | D:9      | Killed a meliai
 10327 | D:9      | Reached skill level 8 in Spellcasting
 10327 | D:9      | Reached skill level 5 in Poison Magic
 10329 | D:9      | Noticed a meliai
 10444 | D:9      | Killed a meliai
 10599 | D:9      | Noticed a troll
 10604 | D:9      | Killed a troll
 10678 | D:9      | Reached XP level 10. HP: 47/64 MP: 13/22
 10843 | D:9      | Found an ornate altar of the Wu Jian Council.
 10855 | D:9      | Found a hazy altar of Hepliaklqana.
 10855 | D:9      | Found a shadowy altar of Dithmenos.
 11102 | D:9      | Found a staircase to the Orcish Mines.
 11105 | D:9      | Reached ** piety under Vehumet
 11105 | D:9      | Offered knowledge of Sandblast by Vehumet.
 11106 | D:9      | Reached skill level 1 in Fighting
 11106 | D:9      | Reached skill level 9 in Spellcasting
 11169 | D:9      | Found a snail-covered altar of Cheibriados.
 11594 | D:9      | Learned a level 1 spell: Sandblast
 11678 | D:10     | Entered Level 10 of the Dungeon
 11736 | D:10     | Noticed a gargoyle
 11748 | D:10     | Killed from afar by a gargoyle

Illustrated notes

Levels and vault maps discovered:
D:1:      giann_bridges, layout_basic, amethyst_killhole
D:2:      layout_basic
D:3:      layout_basic, ebering_ecumenical_altar_mist, uniq_crazy_yiuf_cottage
D:4:      layout_basic, cheibrodos_sewer_entry_bend, uniq_eustachio
D:5:      layout_rooms, gammafunk_ghost_grave
D:6:      layout_loops_cross, mainiacjoe_overflow_catwalk, serial_shops,
          shop_fountains, enter_ossuary_4, grunt_decor_junction
D:7:      layout_gridville, nicolae_qazlal_general_emergency,
          nemelex_spade_bored_becter, minmay_temple_entry_gardened_gates,
          uniq_menkaure
D:8:      layout_cave_pods, lemuel_crystal_altar, minmay_misc_feat_x
D:9:      layout_stronghold, nicolae_overflow_quartered_altars,
          kennysheep_orc_monster_closet_entryway
D:10:     layout_gridville, due_lair_maze_entry_diamond, grunt_ogre_cave,
          billiards_dpeg

Skill      XL: |  1  2  3  4  5  6  7  8  9 10 |
---------------+-------------------------------+-----
Fire Magic     | 3 4 5 6 7 |  7.9
Conjurations   | 2 3 4 5 |  5.3
Spellcasting   | 3 4 5 7 8 9 |  9.7
Dodging        | 2 |  2.4
Maces & Flails | 1 2 |  2.0
Poison Magic   | 3 5 7 |  7.0
Transmutations | 1 2 |  2.1
Fighting       | 1 |  1.4
Stealth        | |  1.7

Action                   |  1- 3 |  4- 6 |  7- 9 | 10-12 || total
-------------------------+-------+-------+-------+-------++-------
Melee: Whip              |     7 |    28 |    31 |     1 ||    67
       Tailslap          |       |       |     2 |       ||     2
 Cast: Foxfire           |    72 |    80 |   229 |    14 ||   395
       Scorch            |     7 |    10 |    50 |     5 ||    72
       Olgreb's Toxic Ra |       |       |    20 |    10 ||    30
       Ignite Poison     |       |       |    16 |     8 ||    24
       Flame Wave        |       |       |     1 |     3 ||     4
  Use: Scroll            |       |     7 |    13 |       ||    20
       Potion            |       |       |     1 |       ||     1
 Stab: Paralysed         |       |     2 |     3 |       ||     5
Armor: Robe              |     8 |    16 |     8 |     2 ||    34
Dodge: Dodged            |    25 |    29 |    28 |     8 ||    90

Table legend: (Time is in decaauts)
 A = Elapsed time spent in this place.
 B = Non-inter-level travel time spent in this place.
 C = Inter-level travel time spent in this place.
 D = Time resting spent in this place.
 E = Time spent auto-exploring this place.
 F = Levels seen in this place.
 G = Mean time per level.
                   A        B        C        D        E       F      G
               +--------+--------+--------+--------+--------+-----+--------+
         Total |  11839 |  11620 |    219 |    258 |   9330 |  12 |  986.6 |
       Dungeon |   9810 |   9591 |    219 |    258 |   7748 |  10 |  981.0 |
         Sewer |    870 |    870 |      0 |      0 |    738 |   1 |  870.0 |
       Ossuary |   1158 |   1158 |      0 |      0 |    844 |   1 | 1158.0 |
               +--------+--------+--------+--------+--------+-----+--------+

Top non-repeatable levels by time:
     D:8: 1426 daAuts
     D:4: 1293 daAuts
     D:2: 1229 daAuts
     D:9: 1185 daAuts
 Ossuary: 1158 daAuts
     D:1: 1142 daAuts
     D:6: 1123 daAuts
   Sewer: 870 daAuts
     D:7: 837 daAuts
     D:3: 834 daAuts
     D:5: 666 daAuts
    D:10: 69 daAuts
